[Event "ICC tourney 2375 (15 3)"]
[Site "Internet Chess Club"]
[Date "2021.02.06"]
[Round "5"]
[White "lokesh888"]
[Black "Aladdin1962"]
[Result "0-1"]
[ICCResult "White checkmated"]
[WhiteElo "1058"]
[BlackElo "1707"]
[Opening "Sicilian: Taimanov variation"]
[ECO "B46"]
[NIC "SI.43"]
[Time "16:30:17"]
[PlyCount "114"]
[TimeControl "900+3"]

1. e4 c5 2. Nf3 e6 3. Nc3 a6 4. d4 cxd4 5. Nxd4 Nc6 6. Nxc6 bxc6 7. Bd3 Qc7
8. O-O d5 9. exd5 cxd5 10. Re1 Bb7 11. Qg4 Nf6 12. Qg3 Qxg3 13. hxg3 Bc5
14. Be3 Bxe3 15. fxe3 Rc8 16. Na4 Ke7 17. Rac1 h5 18. b3 h4 19. gxh4 Rxh4
20. c4 dxc4 21. Bxc4 Rch8 22. Kf2 Ne4+ 23. Ke2 Rg4 24. Kf3 Rg3+ 25. Ke2 Rh2
26. Rg1 Rhxg2+ 27. Rxg2 Rxg2+ 28. Ke1 Rg1+ 29. Bf1 Bd5 30. Nc3 Rg3 31. Nxe4
Rxe3+ 32. Kf2 Rxe4 33. Bxa6 g5 34. Bd3 Rh4 35. Rb1 Rh2+ 36. Kg3 Rxa2 37.
Bc4 Rd2 38. Bxd5 Rxd5 39. b4 Rb5 40. Kg4 f6 41. Rb3 Kd6 42. Kf3 f5 43. Ke3
e5 44. Kd3 Kd5 45. Kc3 e4 46. Rb1 f4 47. Rd1+ Kc6 48. Kc4 e3 49. Re1 Re5
50. Ra1 Re4+ 51. Kd3 Rxb4 52. Rc1+ Kd5 53. Ke2 g4 54. Rd1+ Ke4 55. Rg1 Rb2+
56. Ke1 Rb1+ 57. Ke2 f3# { White checkmated } 0-1

[Event "ICC tourney 2375 (15 3)"]
[Site "Internet Chess Club"]
[Date "2021.02.06"]
[Round "5"]
[White "UltimateDL"]
[Black "onektworta"]
[Result "0-1"]
[ICCResult "White checkmated"]
[WhiteElo "1480"]
[BlackElo "1272"]
[Opening "French: advance, Paulsen attack"]
[ECO "C02"]
[NIC "FR.03"]
[Time "16:30:23"]
[PlyCount "138"]
[TimeControl "900+3"]

1. e4 e6 2. d4 d5 3. e5 c5 4. c3 Nc6 5. Nf3 cxd4 6. cxd4 Nge7 7. Nc3 Nf5 8.
Be2 Bb4 9. O-O O-O 10. a3 Ba5 11. b4 Bb6 12. Be3 Bd7 13. Rc1 Rc8 14. Qd2 h6
15. h3 a6 16. Na4 Ba7 17. Nc5 Qe7 18. Nxb7 Nb8 19. Rfd1 Ba4 20. Nc5 Bxd1
21. Qxd1 Nxe3 22. fxe3 Bxc5 23. bxc5 a5 24. Qa4 Qa7 25. Nd2 Nd7 26. Nb3
Rfd8 27. Qxa5 Qxa5 28. Nxa5 Ra8 29. Nb7 Rdb8 30. c6 Nb6 31. Rb1 Na4 32. c7
Rc8 33. Rc1 Ra7 34. Bb5 Rxb7 35. Bxa4 Rbxc7 36. Rxc7 Rxc7 37. Bb5 Kf8 38.
a4 Ke7 39. Kf2 Kd8 40. Kf3 Kc8 41. Ke2 Kb7 42. Kf3 Kb6 43. Be8 Ka5 44. g3
f6 45. exf6 gxf6 46. Bf7 Rxf7 47. Kf4 Kxa4 48. g4 Kb4 49. e4 dxe4 50. Kxe4
Kc4 51. h4 f5+ 52. gxf5 exf5+ 53. Ke3 f4+ 54. Kf3 Kxd4 55. h5 Rf5 56. Kg4
Rxh5 57. Kxf4 Rh1 58. Kg3 h5 59. Kg2 Re1 60. Kf2 Re3 61. Kg2 Ke4 62. Kg1
Rf3 63. Kg2 Kf4 64. Kh2 Kg4 65. Kg2 h4 66. Kh2 h3 67. Kh1 Kg3 68. Kg1 h2+
69. Kh1 Rf1# { White checkmated } 0-1

[Event "ICC tourney 2375 (15 3)"]
[Site "Internet Chess Club"]
[Date "2021.02.06"]
[Round "5"]
[White "blueocean07"]
[Black "SFB-TU"]
[Result "1-0"]
[ICCResult "Black checkmated"]
[WhiteElo "1737"]
[BlackElo "1177"]
[Opening "QGD: exchange, positional line"]
[ECO "D35"]
[NIC "QP.08"]
[Time "16:30:06"]
[PlyCount "95"]
[TimeControl "900+3"]

1. d4 d5 2. c4 e6 3. cxd5 exd5 4. Nc3 Nf6 5. Bg5 Be7 6. Nf3 Nbd7 7. e3 O-O
8. Bd3 h6 9. Bh4 c5 10. O-O cxd4 11. Nxd4 Ne5 12. Bc2 Bg4 13. f3 Bd7 14.
Bxf6 Bxf6 15. Nxd5 Bc6 16. Nxf6+ Qxf6 17. Qe2 Rac8 18. Rac1 Bd7 19. Rfd1
Be6 20. Nxe6 Qxe6 21. Bb3 Qe7 22. Rc2 Rfd8 23. Rxc8 Rxc8 24. e4 Qc5+ 25.
Kh1 Ng6 26. Qd2 Nh4 27. Qd7 Rc7 28. Bxf7+ Kh7 29. Qe8 Rc8 30. Qe6 Qc1 31.
Rg1 Qc5 32. Qg4 Rc7 33. Be6 Qe7 34. g3 Ng6 35. Bf5 Rc6 36. h4 Qc5 37. h5
Qe3 38. Bxg6+ Kh8 39. Qf5 Qc5 40. Qxc5 Rxc5 41. Rd1 Rc8 42. Rd7 b5 43. e5
b4 44. e6 b3 45. axb3 a5 46. e7 a4 47. Rd8+ Rxd8 48. exd8=Q# { Black
checkmated } 1-0

[Event "ICC tourney 2375 (15 3)"]
[Site "Internet Chess Club"]
[Date "2021.02.06"]
[Round "5"]
[White "anirudha-menon"]
[Black "rosealec"]
[Result "1-0"]
[ICCResult "Black checkmated"]
[WhiteElo "1769"]
[BlackElo "1228"]
[Opening "Sicilian: Hungarian variation"]
[ECO "B27"]
[NIC "SI.43"]
[Time "16:30:06"]
[PlyCount "99"]
[TimeControl "900+3"]

1. e4 c5 2. Nf3 g6 3. g3 Bg7 4. Bg2 e6 5. O-O d6 6. d4 cxd4 7. Nxd4 Nf6 8.
Nc3 a6 9. Bg5 h6 10. Be3 O-O 11. Qd2 Kh7 12. f4 Ng4 13. Rad1 Nxe3 14. Qxe3
Nc6 15. Nxc6 bxc6 16. f5 exf5 17. exf5 Bxf5 18. Bxc6 Rb8 19. Be4 Re8 20.
Qf3 Re5 21. b3 Qb6+ 22. Kh1 Rbe8 23. Bxf5 Rxf5 24. Qd3 Qc6+ 25. Nd5 Ree5
26. Rxf5 Rxf5 27. c4 Rf2 28. Rf1 Qc5 29. b4 Rxf1+ 30. Qxf1 Qa7 31. Kg2 Be5
32. Qd3 Kg7 33. a4 a5 34. b5 Bd4 35. Qf3 h5 36. h4 Qb7 37. Qe4 Be5 38. c5
f5 39. c6 Qc8 40. Qe3 Qe6 41. c7 Qxd5+ 42. Qf3 Qc4 43. b6 d5 44. Qf1 Qc6
45. Qb5 Qc2+ 46. Kh3 Qe4 47. Kh2 Qf3 48. Kg1 Bxg3 49. Qb2+ Kh6 50. Qh8# {
Black checkmated } 1-0

[Event "ICC tourney 2375 (15 3)"]
[Site "Internet Chess Club"]
[Date "2021.02.06"]
[Round "5"]
[White "jeffreyallen"]
[Black "drusdan"]
[Result "1-0"]
[ICCResult "Black checkmated"]
[WhiteElo "1704"]
[BlackElo "1401"]
[Opening "Queen's pawn game"]
[ECO "A45"]
[NIC "QP.07"]
[Time "16:30:16"]
[PlyCount "81"]
[TimeControl "900+3"]

1. d4 Nf6 2. e3 c5 3. Bd3 cxd4 4. exd4 d5 5. Nd2 Nc6 6. Ngf3 Bg4 7. c3 e6
8. O-O Bd6 9. Re1 O-O 10. h3 Bxf3 11. Nxf3 Re8 12. Ne5 Bxe5 13. dxe5 Nd7
14. f4 Rc8 15. Be3 f5 16. Qh5 Nf8 17. Bf2 Ng6 18. g3 d4 19. Rac1 dxc3 20.
Rxc3 Nb4 21. Bc4 a6 22. Rd1 Qe7 23. a3 Nd5 24. Bxd5 Rxc3 25. bxc3 exd5 26.
Qxf5 Qxa3 27. e6 Qa4 28. Rxd5 Ne7 29. Qf7+ Kh8 30. Rd7 Rg8 31. Qxe7 Qa1+
32. Kg2 Qxc3 33. Bd4 Qc6+ 34. Kf2 Qc2+ 35. Kf3 Qc6+ 36. Kg4 h5+ 37. Kh4 Qc2
38. Bxg7+ Kh7 39. Bf8+ Kh8 40. Qf6+ Rg7 41. Qxg7# { Black checkmated } 1-0

[Event "ICC tourney 2375 (15 3)"]
[Site "Internet Chess Club"]
[Date "2021.02.06"]
[Round "5"]
[White "StallionItalian"]
[Black "TheSuperKing"]
[Result "0-1"]
[ICCResult "White forfeits on time"]
[WhiteElo "1156"]
[BlackElo "1710"]
[Opening "Giuoco Pianissimo"]
[ECO "C50"]
[NIC "IG.02"]
[Time "16:30:06"]
[PlyCount "82"]
[TimeControl "900+3"]

1. e4 e5 2. Nf3 Nc6 3. Bc4 Bc5 4. d3 Nf6 5. Bg5 O-O 6. Nc3 Bb4 7. O-O d6 8.
Nd5 Be6 9. Bxf6 gxf6 10. c3 Ba5 11. b4 Bb6 12. Nh4 Kh8 13. Qf3 Bxd5 14.
Bxd5 Rb8 15. a4 a6 16. Bxc6 bxc6 17. Nf5 Rg8 18. Qh5 Qf8 19. Kh1 Rg5 20.
Qh3 Re8 21. f4 exf4 22. Rxf4 Qg8 23. Ra2 Qg6 24. Rh4 Rxf5 25. g4 Rg5 26.
Rh6 Qg7 27. Rg2 Rg8 28. Rh4 a5 29. Qf3 f5 30. exf5 Qxc3 31. Rg3 Qe1+ 32.
Kg2 Qd2+ 33. Kh3 Qe1 34. Rg2 Qe3 35. Qxe3 Bxe3 36. Re2 Bd4 37. Re4 Bf6 38.
Rh6 Bg7 39. Rh4 d5 40. Re7 axb4 41. Rxc7 b3 { White forfeits on time } 0-1

[Event "ICC tourney 2375 (15 3)"]
[Site "Internet Chess Club"]
[Date "2021.02.06"]
[Round "5"]
[White "sujashankar"]
[Black "levfmarcus"]
[Result "0-1"]
[ICCResult "White forfeits on time"]
[WhiteElo "1749"]
[BlackElo "1616"]
[Opening "Scotch game"]
[ECO "C45"]
[NIC "SO.04"]
[Time "16:30:10"]
[PlyCount "60"]
[TimeControl "900+3"]

1. e4 e5 2. Nf3 Nc6 3. d4 exd4 4. Nxd4 Nxd4 5. Qxd4 Qf6 6. e5 Qg6 7. Nc3 b6
8. Bd3 Qxg2 9. Be4 Qg4 10. Nd5 Bb7 11. Nxc7+ Kd8 12. Nd5 Bc5 13. Qd3 Ne7
14. Nf4 Nc6 15. Qd5 Qh4 16. Rf1 Re8 17. Ng2 Qxh2 18. Bf4 Qh5 19. Bf3 Qg6
20. O-O-O Nd4 21. Qc4 Bxf3 22. Rxd4 Bxd4 23. Qxd4 Bxg2 24. Rd1 Bc6 25. Bg3
Qe4 26. Qd6 Re6 27. Qd2 Rc8 28. Qg5+ Kc7 29. Qxg7 Kb7 30. Qxf7 Ba4 { White
forfeits on time } 0-1

[Event "ICC tourney 2375 (15 3)"]
[Site "Internet Chess Club"]
[Date "2021.02.06"]
[Round "5"]
[White "Kolten112358"]
[Black "mohitbayyarapu"]
[Result "1-0"]
[ICCResult "Black checkmated"]
[WhiteElo "1215"]
[BlackElo "1742"]
[Opening "King's Indian defense"]
[ECO "E60"]
[NIC "KI.80"]
[Time "16:30:09"]
[PlyCount "151"]
[TimeControl "900+3"]

1. d4 Nf6 2. c4 g6 3. f3 c5 4. d5 d6 5. e4 e6 6. Nc3 Bg7 7. Be3 exd5 8.
exd5 O-O 9. Qd2 Re8 10. O-O-O Na6 11. g4 Nd7 12. h4 Nb4 13. h5 Ne5 14. hxg6
fxg6 15. Bh6 Qf6 16. Bxg7 Qxg7 17. a3 Na6 18. Qg2 Nc7 19. Be2 Qf7 20. Nh3
Nd7 21. f4 Nf8 22. f5 Qf6 23. Bd3 Qg7 24. Rdg1 Re3 25. Qd2 Qd4 26. Kc2 Qe5
27. Re1 Rxe1 28. Rxe1 Qg3 29. Qe3 Qxg4 30. Rg1 Qd4 31. Qxd4 cxd4 32. Ne2
Kh8 33. Nxd4 gxf5 34. Bxf5 Ne8 35. Re1 Ng7 36. Bxc8 Rxc8 37. b3 Ng6 38. Ng5
Rc7 39. Nge6 Nxe6 40. Rxe6 Rd7 41. Nf5 Kg8 42. Nxd6 Nf4 43. Rf6 Nh5 44. Rh6
Nf4 45. Ne4 Kg7 46. Rxh7+ Kxh7 47. Nf6+ Kg6 48. Nxd7 Kf5 49. Nc5 b6 50. Nd3
Ng6 51. Kc3 Ne7 52. Kd4 Nc8 53. b4 Kf6 54. c5 bxc5+ 55. bxc5 Ke7 56. Ke5
Kd7 57. Nf4 Ne7 58. c6+ Kd8 59. Kd6 Nc8+ 60. Ke6 Kc7 61. Ng6 a5 62. Ne5 a4
63. Nc4 Na7 64. Nb2 Nb5 65. Nxa4 Nd6 66. Nc5 Nc4 67. a4 Kb6 68. d6 Kxc6 69.
d7 Ne5 70. d8=Q Kxc5 71. Qd5+ Kb6 72. Qxe5 Ka6 73. Qb5+ Ka7 74. Kd6 Ka8 75.
Kc7 Ka7 76. Qb7# { Black checkmated } 1-0

[Event "ICC tourney 2375 (15 3)"]
[Site "Internet Chess Club"]
[Date "2021.02.06"]
[Round "5"]
[White "drmikemc"]
[Black "awakeprize"]
[Result "0-1"]
[ICCResult "White resigns"]
[WhiteElo "1666"]
[BlackElo "1479"]
[Opening "Sicilian defense"]
[ECO "B30"]
[NIC "SI.31"]
[Time "16:30:14"]
[PlyCount "92"]
[TimeControl "900+3"]

1. e4 c5 2. Nf3 Nc6 3. c3 d6 4. Bc4 Nf6 5. Ng5 e6 6. d3 h6 7. Nf3 Be7 8.
O-O O-O 9. Be3 a6 10. a4 d5 11. e5 Nd7 12. Bb3 Ndxe5 13. Re1 Nxf3+ 14. Qxf3
Bd7 15. Qg3 Kh8 16. Nd2 d4 17. Bf4 Bh4 18. Qf3 Bg5 19. Ne4 Bxf4 20. Qxf4 b6
21. Bc2 e5 22. Qg3 Qe7 23. f4 Rae8 24. Re2 f6 25. Rf1 exf4 26. Qxf4 Qe5 27.
Qf3 Qc7 28. Bd1 Qb8 29. Qh5 Ne5 30. Nf2 dxc3 31. bxc3 Qc7 32. Rfe1 Qd6 33.
Bc2 b5 34. d4 cxd4 35. cxd4 Qxd4 36. Kf1 Qc4 37. Kg1 Qc5 38. Kf1 bxa4 39.
Ne4 Qd5 40. Nxf6 Rxf6+ 41. Kg1 Rfe6 42. Qf5 Nf3+ 43. gxf3 Qxf5 44. Bxf5
Rxe2 45. Rxe2 Rxe2 46. Bxd7 Ra2 { White resigns } 0-1

[Event "ICC tourney 2375 (15 3)"]
[Site "Internet Chess Club"]
[Date "2021.02.06"]
[Round "6"]
[White "sujashankar"]
[Black "levfmarcus"]
[Result "1-0"]
[ICCResult "Black checkmated"]
[WhiteElo "1749"]
[BlackElo "1616"]
[Opening "Scotch: Lolli variation"]
[ECO "C44"]
[NIC "KP.10"]
[Time "17:45:26"]
[PlyCount "59"]
[TimeControl "900+3"]

1. e4 e5 2. Nf3 Nc6 3. d4 Nxd4 4. Nxd4 exd4 5. Qxd4 Qf6 6. Qe3 b6 7. Nc3
Bc5 8. Qg3 Ne7 9. Be3 Bd6 10. f4 Qxf4 11. Bxf4 Be5 12. Qg6 Kf8 13. Ba6 Bb7
14. Qc6 Bd4 15. Qxb7 Bg1 16. Qb8+ Nc8 17. Qxa7 Ke7 18. Bd6+ Ke6 19. Qxb6
Kf6 20. Nd5+ Kg5 21. Bf4+ Kg4 22. h3+ Kh4 23. Qxg1 Nd6 24. Qf2+ Kh5 25. g4+
Kg6 26. Ne7+ Kf6 27. Bxd6+ Ke6 28. O-O-O cxd6 29. Nd5 Ke5 30. Qf5# { Black
checkmated } 1-0

[Event "ICC tourney 2375 (15 3)"]
[Site "Internet Chess Club"]
[Date "2021.02.06"]
[Round "7"]
[White "IveDoneEnough"]
[Black "JamesS"]
[Result "1-0"]
[ICCResult "Black checkmated"]
[WhiteElo "1645"]
[BlackElo "1450"]
[Opening "Caro-Kann: two knights variation"]
[ECO "B11"]
[NIC "CK.01"]
[Time "18:01:12"]
[PlyCount "55"]
[TimeControl "900+3"]

1. e4 c6 2. Nc3 d5 3. Nf3 Nf6 4. e5 Ne4 5. Nxe4 dxe4 6. Ng5 Bf5 7. d3 h6 8.
Nxe4 Bxe4 9. dxe4 Qxd1+ 10. Kxd1 Nd7 11. f4 Nc5 12. Bd3 O-O-O 13. Ke2 e6
14. Be3 f6 15. exf6 gxf6 16. a3 Rg8 17. g3 e5 18. b4 Nxd3 19. cxd3 exf4 20.
Bxf4 h5 21. Rac1 b5 22. Rxc6+ Kd7 23. Rxf6 Bg7 24. Rf7+ Ke6 25. Rxa7 h4 26.
Rc1 hxg3 27. Rc6+ Rd6 28. Rxd6# { Black checkmated } 1-0

[Event "ICC tourney 2375 (15 3)"]
[Site "Internet Chess Club"]
[Date "2021.02.06"]
[Round "7"]
[White "drusdan"]
[Black "nov-s"]
[Result "0-1"]
[ICCResult "White checkmated"]
[WhiteElo "1401"]
[BlackElo "1291"]
[Opening "Scotch game"]
[ECO "C45"]
[NIC "SO.05"]
[Time "18:01:25"]
[PlyCount "38"]
[TimeControl "900+3"]

1. e4 e5 2. Nf3 Nc6 3. d4 exd4 4. Nxd4 Bc5 5. Nf5 d6 6. Nxg7+ Ke7 7. Nc3
Kf8 8. Nf5 Bxf5 9. exf5 Qh4 10. g3 Re8+ 11. Ne2 Qe4 12. Qd3 Qxh1 13. f6 Ne5
14. Qf5 Nf3+ 15. Qxf3 Qxf3 16. Bd2 Qxf2+ 17. Kd1 Qxf1+ 18. Be1 Qxe2+ 19.
Kc1 Qxe1# { White checkmated } 0-1

[Event "ICC tourney 2375 (15 3)"]
[Site "Internet Chess Club"]
[Date "2021.02.06"]
[Round "7"]
[White "UltimateDL"]
[Black "drmikemc"]
[Result "1-0"]
[ICCResult "Black resigns"]
[WhiteElo "1480"]
[BlackElo "1666"]
[Opening "Sicilian defense"]
[ECO "B32"]
[NIC "SI.32"]
[Time "18:01:34"]
[PlyCount "41"]
[TimeControl "900+3"]

1. e4 c5 2. Nf3 Nc6 3. d4 cxd4 4. Nxd4 Nxd4 5. Qxd4 Qc7 6. Nc3 e5 7. Nd5
Qd6 8. Qc3 b6 9. Nc7+ Kd8 10. Nxa8 Bb7 11. Bd2 Bxa8 12. O-O-O Nf6 13. Bf4
Qc5 14. Qxe5 Nxe4 15. Qb8+ Ke7 16. Qxa8 Kf6 17. Qxe4 Be7 18. g4 g6 19. g5+
Kg7 20. Be5+ Kg8 21. Bxh8 { Black resigns } 1-0

[Event "ICC tourney 2375 (15 3)"]
[Site "Internet Chess Club"]
[Date "2021.02.06"]
[Round "7"]
[White "tistime"]
[Black "Dayman"]
[Result "1-0"]
[ICCResult "Black checkmated"]
[WhiteElo "821"]
[BlackElo "1623"]
[Opening "Giuoco Pianissimo"]
[ECO "C55"]
[NIC "IG.01"]
[Time "18:01:42"]
[PlyCount "81"]
[TimeControl "900+3"]

1. e4 e5 2. Nf3 Nc6 3. Bc4 Nf6 4. d3 Bc5 5. c3 d6 6. Be3 Bxe3 7. fxe3 Bg4
8. Nbd2 Qd7 9. O-O O-O-O 10. a4 a6 11. b4 Na7 12. b5 a5 13. Qb3 Be6 14. b6
cxb6 15. Qxb6 Nc6 16. Bb5 Ng4 17. h3 h5 18. Bxc6 Qxc6 19. Qxc6+ bxc6 20.
hxg4 hxg4 21. Ng5 Rh5 22. Nxe6 fxe6 23. Kf2 Rh2 24. Rh1 Rf8+ 25. Kg3 Rxh1
26. Rxh1 Kd7 27. Nc4 Rb8 28. Kxg4 Rb3 29. Rc1 d5 30. exd5 exd5 31. Nxe5+
Ke6 32. d4 Rb2 33. Kf3 Ra2 34. Nxc6 Rxa4 35. Rb1 Ra2 36. Rb6 Kf5 37. Ne7+
Kg5 38. Rg6+ Kh5 39. g4+ Kh4 40. Rxg7 Kh3 41. Rh7# { Black checkmated } 1-0

[Event "ICC tourney 2375 (15 3)"]
[Site "Internet Chess Club"]
[Date "2021.02.06"]
[Round "7"]
[White "AdityaBang"]
[Black "Kolten112358"]
[Result "1-0"]
[ICCResult "Black resigns"]
[WhiteElo "1416"]
[BlackElo "1215"]
[Opening "Caro-Kann: advance variation"]
[ECO "B12"]
[NIC "CK.04"]
[Time "18:01:56"]
[PlyCount "103"]
[TimeControl "900+3"]

1. e4 c6 2. d4 d5 3. e5 Bf5 4. Nf3 e6 5. Bd3 Bxd3 6. Qxd3 Qa5+ 7. Bd2 Qa6
8. Qxa6 Nxa6 9. a3 c5 10. Nc3 cxd4 11. Nxd4 Bc5 12. Nb3 Bb6 13. Nb5 Nc5 14.
Nxc5 Bxc5 15. Nc7+ Kd7 16. Nxa8 Ne7 17. b4 Bd4 18. c3 Bxe5 19. O-O Rxa8 20.
Rfe1 Bf6 21. Rac1 Rc8 22. h3 Nc6 23. Be3 a6 24. c4 d4 25. Red1 Ke7 26. Bd2
b6 27. b5 axb5 28. cxb5 Na7 29. Bb4+ Kd7 30. Rxc8 Kxc8 31. a4 Kd7 32. Bc3
e5 33. f4 Ke6 34. fxe5 Bxe5 35. Bxd4 Bxd4+ 36. Rxd4 f5 37. Rd8 g6 38. Ra8
Nxb5 39. axb5 Kd5 40. Rh8 Kc5 41. Rxh7 Kxb5 42. Rg7 Kc5 43. Rxg6 b5 44. Rg5
b4 45. Rxf5+ Kc4 46. Rf1 Kc3 47. h4 b3 48. h5 b2 49. h6 Kc2 50. h7 b1=Q 51.
Rxb1 Kxb1 52. h8=Q { Black resigns } 1-0

[Event "ICC tourney 2375 (15 3)"]
[Site "Internet Chess Club"]
[Date "2021.02.06"]
[Round "7"]
[White "swordfish89198"]
[Black "RatislavK"]
[Result "0-1"]
[ICCResult "White resigns"]
[WhiteElo "1198"]
[BlackElo "1482"]
[Opening "Vienna: Paulsen-Mieses variation"]
[ECO "C26"]
[NIC "VG.01"]
[Time "18:01:23"]
[PlyCount "68"]
[TimeControl "900+3"]

1. e4 e5 2. Nc3 Nf6 3. g3 d5 4. exd5 Nxd5 5. Bg2 Nxc3 6. bxc3 Nc6 7. d3 Bc5
8. Nf3 O-O 9. O-O Re8 10. Re1 Bg4 11. Qd2 Qf6 12. Qe2 h6 13. h3 Bh5 14. g4
Bg6 15. Bb2 e4 16. dxe4 Bxe4 17. Nd4 Bxg2 18. Qxe8+ Rxe8 19. Rxe8+ Kh7 20.
Kxg2 Nxd4 21. cxd4 Qc6+ 22. Kg1 Qxe8 23. dxc5 Qe4 24. Rc1 Qb4 25. Rb1 Qxc5
26. c3 Qb5 27. c4 Qb4 28. h4 a5 29. Kg2 a4 30. a3 Qb3 31. g5 Qc2 32. Re1
Qxb2 33. Re7 Qxa3 34. Rxc7 Qb3 { White resigns } 0-1

[Event "ICC tourney 2375 (15 3)"]
[Site "Internet Chess Club"]
[Date "2021.02.06"]
[Round "7"]
[White "Aladdin1962"]
[Black "LucaMik1"]
[Result "0-1"]
[ICCResult "White resigns"]
[WhiteElo "1707"]
[BlackElo "1408"]
[Opening "Queen's bishop game"]
[ECO "D02"]
[NIC "QP.06"]
[Time "18:01:14"]
[PlyCount "62"]
[TimeControl "900+3"]

1. d4 Nf6 2. Nf3 d5 3. Bf4 Bf5 4. c3 e6 5. e3 Be7 6. Qb3 b6 7. Nbd2 O-O 8.
Ne5 Nh5 9. Bg3 c5 10. Be2 Nf6 11. Rc1 Nfd7 12. Ndf3 f6 13. Nxd7 Nxd7 14.
Nh4 Be4 15. f3 Bg6 16. Nxg6 hxg6 17. h4 c4 18. Qc2 Qe8 19. e4 f5 20. exd5
exd5 21. Kd2 Nf6 22. Rce1 Qd7 23. Kc1 b5 24. Kb1 a5 25. Be5 b4 26. cxb4
axb4 27. h5 Rxa2 28. hxg6 Rfa8 29. Qd2 b3 30. Rh8+ Kxh8 31. Rh1+ Kg8 {
White resigns } 0-1

[Event "ICC tourney 2375 (15 3)"]
[Site "Internet Chess Club"]
[Date "2021.02.06"]
[Round "7"]
[White "levfmarcus"]
[Black "nuttysac"]
[Result "0-1"]
[ICCResult "White resigns"]
[WhiteElo "1616"]
[BlackElo "1761"]
[Opening "Blackmar gambit"]
[ECO "D00"]
[NIC "QP.08"]
[Time "18:01:09"]
[PlyCount "52"]
[TimeControl "900+3"]

1. d4 d5 2. e4 dxe4 3. Nc3 Nf6 4. f3 exf3 5. Qxf3 e6 6. Bf4 Bd6 7. O-O-O a6
8. d5 Bxf4+ 9. Qxf4 exd5 10. Nf3 c6 11. Bd3 Be6 12. Rhe1 Qe7 13. Ng5 O-O
14. Bf5 h6 15. Nxe6 fxe6 16. Bxe6+ Kh8 17. Bf5 Qf7 18. Be6 Qg6 19. Qb4 Nbd7
20. Bxd7 Nxd7 21. Qxb7 Nc5 22. Qxc6 Qxc6 23. Nxd5 Rf2 24. Ne7 Qxg2 25. Rg1
Rxc2+ 26. Kb1 Rxb2+ { White resigns } 0-1

[Event "ICC tourney 2375 (15 3)"]
[Site "Internet Chess Club"]
[Date "2021.02.06"]
[Round "7"]
[White "SFB-TU"]
[Black "jeffreyallen"]
[Result "1-0"]
[ICCResult "Black resigns"]
[WhiteElo "1177"]
[BlackElo "1704"]
[Opening "Scandinavian (center counter) defense"]
[ECO "B01"]
[NIC "SD.01"]
[Time "18:01:21"]
[PlyCount "61"]
[TimeControl "900+3"]

1. e4 d5 2. exd5 Qxd5 3. Nc3 Qa5 4. d4 Nf6 5. Nf3 Bg4 6. Be2 e6 7. h3 Bh5
8. Bd2 Nc6 9. O-O O-O-O 10. Be3 Bb4 11. Nb1 Nd5 12. c3 Bd6 13. b4 Nxe3 14.
fxe3 Qb6 15. a4 a6 16. Nbd2 Bg3 17. b5 axb5 18. axb5 Na7 19. c4 c5 20. Qa4
cxd4 21. Qxa7 Qc5 22. Qxc5+ Kb8 23. Qa7+ Kc8 24. Qa8+ Kd7 25. Qxb7+ Ke8 26.
Qc6+ Kf8 27. Ra8 Rxa8 28. Qxa8+ Ke7 29. Qxh8 dxe3 30. Ne4 Bg6 31. Nxg3 {
Black resigns } 1-0

[Event "ICC tourney 2375 (15 3)"]
[Site "Internet Chess Club"]
[Date "2021.02.06"]
[Round "7"]
[White "awakeprize"]
[Black "onektworta"]
[Result "1-0"]
[ICCResult "Black resigns"]
[WhiteElo "1479"]
[BlackElo "1272"]
[Opening "French: Tarrasch, open variation"]
[ECO "C07"]
[NIC "FR.18"]
[Time "18:01:10"]
[PlyCount "126"]
[TimeControl "900+3"]

1. e4 e6 2. d4 d5 3. Nd2 c5 4. c3 Nc6 5. Ngf3 Bd7 6. exd5 exd5 7. dxc5 Bxc5
8. Bd3 Nf6 9. O-O O-O 10. h3 Qc7 11. Nb3 Bb6 12. Qc2 h6 13. Bd2 Rfe8 14.
Rfe1 Qd6 15. Bf5 Bxf5 16. Qxf5 Bc7 17. Rad1 Ne4 18. Bc1 Bb6 19. Rxe4 Rxe4
20. Qxe4 dxe4 21. Rxd6 exf3 22. gxf3 Rd8 23. Rxd8+ Bxd8 24. Kg2 Kf8 25. Be3
a6 26. Nc5 Ne5 27. Nxb7 Nd3 28. Nxd8 Nxb2 29. Nc6 Ke8 30. Nb4 a5 31. Nc6 a4
32. Nd4 Kd7 33. Nf5 Kc6 34. Nxg7 Kd5 35. Bxh6 Kc4 36. Bd2 Kd3 37. Bg5 Kxc3
38. Bf6+ Kc2 39. Bxb2 Kxb2 40. Nf5 Kxa2 41. h4 Kb2 42. h5 a3 43. h6 a2 44.
h7 a1=Q 45. h8=Q+ Kb1 46. Qxa1+ Kxa1 47. Nd6 f6 48. Ne4 f5 49. Nd6 f4 50.
Kh3 Kb2 51. Kg4 Kc2 52. Kxf4 Kd2 53. Ke4 Ke2 54. f4 Kxf2 55. f5 Kg3 56. f6
Kg4 57. f7 Kg5 58. f8=Q Kg6 59. Qg8+ Kf6 60. Qf7+ Kg5 61. Qf5+ Kh6 62. Qg4
Kh7 63. Kf5 Kh8 { Black resigns } 1-0

[Event "ICC tourney 2375 (15 3)"]
[Site "Internet Chess Club"]
[Date "2021.02.06"]
[Round "7"]
[White "dMerc37"]
[Black "Stepaheadofu"]
[Result "1-0"]
[ICCResult "Black checkmated"]
[WhiteElo "1466"]
[BlackElo "1631"]
[Opening "King's pawn game"]
[ECO "C50"]
[NIC "IG.03"]
[Time "18:01:31"]
[PlyCount "137"]
[TimeControl "900+3"]

1. e4 e5 2. Nf3 Nc6 3. Bc4 h6 4. c3 Nf6 5. d3 a6 6. b4 b5 7. Bb3 Be7 8. a4
Bb7 9. Be3 d5 10. O-O dxe4 11. dxe4 Qxd1 12. Rxd1 Rd8 13. axb5 Rxd1+ 14.
Bxd1 axb5 15. Nbd2 O-O 16. Be2 Ra8 17. Rxa8+ Bxa8 18. Bxb5 g5 19. Bxc6 Bxc6
20. Nxe5 Bxe4 21. Nxe4 Nxe4 22. Nc6 Bd6 23. f3 Nxc3 24. Bc5 Bxc5+ 25. bxc5
Na4 26. Ne7+ Kh7 27. c6 Nb6 28. Kf2 Kg7 29. g4 Kf6 30. Ng8+ Kg7 31. Ne7 f6
32. Ke3 Kf7 33. Nf5 Nc8 34. Nxh6+ Ke6 35. Nf5 Ne7 36. h4 Nxc6 37. h5 Ne5
38. h6 c5 39. f4 Ng6 40. fxg5 fxg5 41. Ke4 Nh8 42. Kd3 Ke5 43. Ke3 c4 44.
Nd4 Kd5 45. Nf3 Kc5 46. Nxg5 Kb4 47. Ne4 Kb3 48. Kf4 c3 49. Nxc3 Kxc3 50.
Kf5 Kd4 51. Kf6 Ke4 52. g5 Kf4 53. g6 Nxg6 54. Kxg6 Kg4 55. h7 Kf4 56. h8=Q
Ke4 57. Qh5 Kd4 58. Kf6 Kc4 59. Ke6 Kb4 60. Kd6 Kc4 61. Qd5+ Kc3 62. Qe4
Kb3 63. Kc5 Kc3 64. Qd4+ Kb3 65. Qc4+ Ka3 66. Qb5 Ka2 67. Kc4 Ka1 68. Kc3
Ka2 69. Qb2# { Black checkmated } 1-0

[Event "ICC tourney 2375 (15 3)"]
[Site "Internet Chess Club"]
[Date "2021.02.06"]
[Round "7"]
[White "TheSuperKing"]
[Black "dlevitin"]
[Result "1-0"]
[ICCResult "Black checkmated"]
[WhiteElo "1710"]
[BlackElo "1087"]
[Opening "Philidor: exchange variation"]
[ECO "C41"]
[NIC "KP.08"]
[Time "18:02:03"]
[PlyCount "139"]
[TimeControl "900+3"]

1. e4 e5 2. Nf3 d6 3. d4 exd4 4. Nxd4 Bd7 5. Nc3 Nc6 6. Be3 Nf6 7. Bb5 Nxd4
8. Bxd4 Be7 9. Bxd7+ Qxd7 10. O-O O-O 11. e5 dxe5 12. Bxe5 Rfd8 13. Qxd7
Rxd7 14. Rad1 Rad8 15. Rxd7 Nxd7 16. Bxc7 Rc8 17. Bf4 Bf6 18. Bd2 Ne5 19.
Re1 Nc4 20. Bc1 Bxc3 21. bxc3 Kf8 22. Rd1 Nb6 23. Ba3+ Ke8 24. Re1+ Kd8 25.
Bb4 Rc7 26. Re3 Nd5 27. Rd3 Rd7 28. a3 b6 29. c4 Nc7 30. Kf1 a5 31. Bd6 Ne8
32. Bf4 g6 33. Ke2 f5 34. Kd2 Nf6 35. Bg5 Rxd3+ 36. Kxd3 Ke7 37. Bxf6+ Kxf6
38. f4 Ke6 39. Kd4 Kd6 40. a4 Kc6 41. c3 Kd6 42. Ke3 Kc5 43. Kd3 Kd6 44.
Kd4 Kc6 45. h3 Kd6 46. g4 fxg4 47. hxg4 h5 48. f5 gxf5 49. gxh5 Ke6 50. h6
Kf6 51. h7 Kg7 52. Ke5 f4 53. Kxf4 Kxh7 54. Ke5 Kg7 55. Kd5 Kf7 56. Kc6 Ke7
57. Kxb6 Kd6 58. c5+ Kd7 59. c6+ Kc8 60. c7 Kd7 61. Kb7 Kd6 62. c8=Q Kd5
63. Qd7+ Kc4 64. Qd4+ Kb3 65. Kb6 Kc2 66. Kxa5 Kb2 67. Kb4 Ka2 68. Qd2+ Kb1
69. Kb3 Ka1 70. Qc1# { Black checkmated } 1-0